 Dungeon Crawl Stone Soup version 0.25-a0-353-ged6d54792d (webtiles) character file.

Game seed: 7674766451155867117, levelgen mode: classic

4804 Borgoz the Cleaver (level 10, 0/65 HPs)
             Began as a Gargoyle Gladiator on Jan 2, 2020.
             Was an Initiate of Makhleb.
             Slain by a killer bee (5 damage)
             ... on level 8 of the Dungeon.
             The game lasted 00:13:15 (7379 turns).

Borgoz the Cleaver (Gargoyle Gladiator)             Turns: 7379, Time: 00:13:16

Health: 0/65       AC: 28    Str: 20    XL:     10   Next: 48%
Magic:  10/10      EV:  7    Int: 10    God:    Makhleb [......]
Gold:   391        SH:  0    Dex: 11    Spells: 9/9 levels left

rFire    + . .     SeeInvis +   a - +1 hand axe (pain)
rCold    . . .     Gourm    .   (no shield)
rNeg     + . .     Faith    .   i - +0 plate armour
rPois    ∞         Spirit   .   H - +1 hat
rElec    +         Reflect  .   D - +0 cloak
rCorr    .         Harm     .   (no gloves)
MR       .....                  u - +2 pair of boots
Stlth    ..........             B - amulet of the acrobat
HPRegen  0.20/turn              h - ring of see invisible
MPRegen  0.12/turn              z - ring of protection from fire (curse)

@: no status effects
A: hooves 1, molten scales 1, negative energy resistance 1, electricity
resistance, unbreathing, petrification resistance, rot immunity, AC +7
a: Renounce Religion


You were on level 8 of the Dungeon.
You worshipped Makhleb.
Makhleb was noncommittal.
You were hungry.

You visited 2 branches of the dungeon, and saw 10 of its levels.
You visited the Abyss 1 time.

You collected 430 gold pieces.
You spent 39 gold pieces at shops.

Inventory:

Hand Weapons
 a - a +1 hand axe of pain (weapon)
 b - a +0 flail of draining
 x - a +1 war axe
Missiles
 d - 5 throwing nets (quivered)
Armour
 i - a +0 plate armour (worn)
 u - a +2 pair of boots (worn)
 D - a +0 cloak (worn)
 H - a +1 hat (worn)
Jewellery
 g - an uncursed ring of ice
 h - a ring of see invisible (left hand)
 w - an uncursed ring of protection from fire
 z - a cursed ring of protection from fire (right hand)
 B - an amulet of the acrobat (around neck)
Wands
 c - a wand of acid (5)
 l - a wand of clouds (4)
 q - a wand of random effects (14)
 E - a wand of iceblast (11)
 G - a wand of polymorph (8)
Scrolls
 k - 2 scrolls of enchant armour {unknown}
 p - a scroll of amnesia {unknown}
 r - 2 scrolls of teleportation
 s - 4 scrolls of fear {unknown}
 v - 2 scrolls of magic mapping
 y - 2 scrolls of enchant weapon
 A - 3 scrolls of remove curse
 C - a scroll of fog
Potions
 e - 3 potions of heal wounds
 j - a potion of resistance
 m - 2 potions of lignification
 n - 2 potions of might
 o - 7 potions of curing
 t - 3 potions of mutation
 F - a potion of magic
Comestibles
 f - 18 rations


   Skills:
 + Level 8.5 Fighting
 * Level 10.2 Axes
 - Level 1.7 Throwing
 + Level 8.2 Armour
 - Level 2.4 Dodging


You had 9 spell levels left.
You didn't know any spells.
Your spell library contained the following spells:

 Spells                   Type           Power        Failure   Level  Hunger
 Magic Dart               Conj           #...         100%        1    ##.....
 Blink                    Tloc           N/A          100%        2    ###....
 Call Imp                 Summ           #.......     100%        2    ###....
 Slow                     Hex            #.......     100%        2    ###....
 Conjure Flame            Conj/Fire      #.......     100%        3    ####...
 Mephitic Cloud           Conj/Pois/Air  #.......     100%        3    ####...


Dungeon Overview and Level Annotations

Branches:
Dungeon (9/15)             Temple (1/1) D:7
   Lair: D:8-11         Orc: D:9-12

Altars:
Ashenzari
Cheibriados
Dithmenos
Elyvilon
Fedhas
Gozag
Hepliaklqana
Kikubaaqudgha
Makhleb
Nemelex Xobeh
Okawaru
Qazlal
Ru
Sif Muna
Trog
Uskayaw
Vehumet
Wu Jian
Xom
Yredelemnul
Zin
The Shining One

Shops:
D:5 (

Annotations:
D:5 1 runed translucent door, Borgoz's ghost, novice GrGl
D:8 1 runed translucent door, night's ghost, novice GrVM


Innate Abilities, Weirdness & Mutations

You are resistant to torment.
Your stone body is resilient. (AC +7)
You are immune to poison.
You resist negative energy. (rN+)
You are resistant to electric shocks. (rElec)
You can survive without breathing.
You are immune to petrification.
You are immune to rotting.
You have large cloven feet.
You are partially covered in molten scales. (AC +2)


Message History

The killer bee closely misses you. The killer bee completely misses you.
The killer bee misses you. The killer bee completely misses you.
The killer bee completely misses you. The killer bee misses you.
The orc priest calls down the wrath of Beogh upon you.
Beogh smites you!
* * * LOW HITPOINT WARNING * * *
The killer bee misses you. The killer bee completely misses you.
There is a stone staircase leading up here.
The killer bee barely misses you. The orc hits you but does no damage.
The killer bee stings you but does no damage.
The killer bee barely misses you.
You climb upwards.
Level annotation: 1 runed translucent door, night's ghost, novice GrVM
There is a stone staircase leading down here.
You closely miss the killer bee. The killer bee stings you.
You die...

###.# #.#### ###....#
######### ...###.#
#.......# ...# #.#
#.#####.# ...# #.# #.#
#.# .[.# #.# #.#####.#
...###.####.....#.#
...............y@.####
...#.#.#####.#.....#.#
...#.#.# #.##....#.##
...#.#.# #.##.......#
...+...# #.##..#######
...#.#.# #.#.........#
..>#.#.# #.##.######.#
...#.#.# #.##.## #.#
####.#.#####.....# #.#


You could see a killer bee.

Vanquished Creatures
  A glowing orange brain (Abyss:1)
  Pikel (D:4)
  A hippogriff (D:7)
  Prince Ribbit (D:7)
  Sigmund (D:2)
  A wyvern (D:9)
  A human (D:7)
  4 hogs (D:7)
  Menkaure (D:4)
  2 sky beasts
  A slave (D:4)
  A phantom (D:7)
  3 ogres
  An eye of draining (D:5)
  A centaur (D:9)
  3 big kobolds (D:7)
  A wyvern zombie (D:8)
  4 bullfrogs
  2 scorpions
  8 killer bees
  A howler monkey (D:4)
  4 crimson imps
  2 bullfrog zombies (D:7)
  A quasit (D:7)
  A hound (D:8)
  2 orc priests
  3 orc wizards
  A centaur skeleton (D:6)
  2 iguanas
  Terence (D:2)
  5 worker ants
  A hound skeleton (D:8)
  A howler monkey zombie (D:5)
  7 adders
  2 shadow imps
  An ufetubus (Abyss:1)
  An ooze (D:2)
  An adder zombie (D:7)
  An adder skeleton (D:7)
  3 worms
  A dart slug (D:1)
  7 leopard geckos
  25 orcs
  9 bats
  3 giant cockroaches
  7 hobgoblins
  4 jackals (D:3)
  13 kobolds
  7 quokkas
  2 ball pythons
  4 frilled lizards
  6 goblins
  A leopard gecko skeleton (D:5)
  A quokka skeleton (D:8)
  2 quokka zombies
  10 rats
182 creatures vanquished.

Vanquished Creatures (others)
  An adder (D:4)
1 creature vanquished.

Grand Total: 183 creatures vanquished

Notes
Turn   | Place    | Note
-------+----------+-------------------------------------------
     0 | D:1      | Borgoz the Gargoyle Gladiator began the quest for the Orb.
     0 | D:1      | Reached XP level 1. HP: 12/12 MP: 1/1
   126 | D:1      | Reached skill level 3 in Axes
   126 | D:1      | Reached XP level 2. HP: 16/18 MP: 2/2
   644 | D:2      | Reached skill level 1 in Armour
   649 | D:2      | Reached XP level 3. HP: 19/22 MP: 3/3
   654 | D:2      | Noticed Sigmund
   663 | D:2      | Gained mutation: You have large cloven feet. [potion of
                  | mutation]
   663 | D:2      | Gained mutation: You are partially covered in molten
                  | scales. (AC +2) [potion of mutation]
   678 | D:2      | Killed Sigmund
   678 | D:2      | Reached skill level 4 in Axes
   678 | D:2      | Reached XP level 4. HP: 28/28 MP: 4/4
   678 | D:2      | Reached XP level 5. HP: 32/32 MP: 5/5
   765 | D:2      | Noticed Terence
   778 | D:2      | Killed Terence
   780 | D:2      | Reached XP level 6. HP: 24/38 MP: 6/6
  1746 | D:3      | Reached skill level 5 in Axes
  2049 | D:3      | Found a shattered altar of Ashenzari.
  2677 | D:4      | Noticed Menkaure
  2690 | D:4      | Killed Menkaure
  2690 | D:4      | Reached XP level 7. HP: 23/44 MP: 7/7
  2797 | D:4      | Noticed Pikel
  2816 | D:4      | Killed Pikel
  2816 | D:4      | Reached skill level 5 in Fighting
  2816 | D:4      | Reached skill level 6 in Axes
  3094 | D:5      | Entered Level 5 of the Dungeon
  3094 | D:5      | Found Soepseha's Weapon Boutique.
  3099 | D:5      | Bought a throwing net for 39 gold pieces
  3109 | D:5      | Reached XP level 8. HP: 49/49 MP: 1/8
  3356 | D:5      | Reached skill level 5 in Armour
  3648 | D:5      | Noticed Borgoz's ghost (novice GrGl)
  3649 | D:5      | Found a runed translucent door.
  4161 | D:6      | Reached skill level 7 in Axes
  4286 | D:6      | Cast into level 1 of the Abyss (a distortion unwield)
  4334 | Abyss:1  | Noticed a glowing orange brain
  4340 | Abyss:1  | Noticed a large abomination
  4342 | Abyss:1  | Noticed a kobold demonologist
  4342 | Abyss:1  | Noticed an eidolon
  4344 | Abyss:1  | Noticed a ynoxinul
  4352 | Abyss:1  | Killed a glowing orange brain
  4352 | Abyss:1  | Reached skill level 8 in Axes
  4352 | Abyss:1  | Reached XP level 9. HP: 21/56 MP: 9/9
  4356 | D:6      | Escaped the Abyss
  5153 | D:7      | Found a radiant altar of Vehumet.
  5328 | D:7      | Found a staircase to the Ecumenical Temple.
  5354 | D:7      | Noticed Prince Ribbit
  5505 | D:7      | Reached skill level 9 in Axes
  5534 | Temple   | Entered the Ecumenical Temple
  5658 | Temple   | Became a worshipper of Makhleb the Destroyer
  5756 | D:7      | Reached XP level 10. HP: 18/64 MP: 10/10
  5758 | D:7      | Killed Prince Ribbit
  6549 | D:8      | Noticed night's ghost (novice GrVM)
  6554 | D:8      | Found a runed translucent door.
  6959 | D:9      | Reached skill level 10 in Axes
  7379 | D:8      | Slain by a killer bee

Levels and vault maps discovered:
D:1:      kennysheep_arrival_seaside, layout_rooms, minmay_split_cup_large
D:2:      layout_loops_ring, serial_forest, infiniplex_forest_corner_1,
          infiniplex_forest_clump_tiny, infiniplex_forest_lined_2,
          infiniplex_forest_clump_tiny, infiniplex_forest_straight_2,
          infiniplex_forest_straight_1, infiniplex_forest_lined_1, uniq_terence,
          uniq_sigmund
D:3:      layout_loops_ring, evilmike_ruin_ashenzari, first_ration
D:4:      layout_basic, uniq_pikel, uniq_menkaure
D:5:      layout_loops_corners, serial_shops, shop,
          hellmonk_ghost_happy_afterlife, kennysheep_generic_room_10
D:6:      layout_rooms, serial_glass, glass_columns_b, glass_columns_b,
          minmay_strange_pillars, feat_on_display, minmay_strange_pillars,
          item_on_display_a
D:7:      layout_basic, kennysheep_little_box, minmay_temple_entry_mini_moons,
          grunt_livestock, kennysheep_generic_room_12, uniq_prince_ribbit1
D:8:      layout_basic, hellmonk_ghost_happy_afterlife
D:9:      layout_roguey, lair_entry_dummy, nooodl_food_tri, uniq_maurice
Temple:   regret_index_temple_chain_breaker

Skill      XL: |  1  2  3  4  5  6  7  8  9 10 |
---------------+-------------------------------+-----
Axes           | 3 4 5 6 8 9 10 | 10.2
Armour         | 1 2 3 4 6 7 8 |  8.2
Fighting       | 3 4 5 6 7 8 |  8.5
Throwing       | |  1.7
Dodging        | |  2.4

Action                   |  1- 3 |  4- 6 |  7- 9 | 10-12 || total
-------------------------+-------+-------+-------+-------++-------
Melee: War axe           |    62 |   147 |    99 |       ||   308
       Kick              |       |    22 |       |       ||    22
       Hand axe          |       |       |   360 |   204 ||   564
Throw: Throwing net      |     1 |       |       |       ||     1
  Use: Potion            |     2 |       |     2 |       ||     4
       Scroll            |       |     8 |     1 |     3 ||    12
 Stab: Held in net/web   |     1 |       |       |       ||     1
       Confused          |       |       |     1 |       ||     1
  Eat: Chunk             |       |     6 |    10 |     5 ||    21
Armor: Leather armour    |    16 |    65 |       |       ||    81
       Skin              |     9 |       |       |       ||     9
       Scale mail        |       |    10 |    26 |       ||    36
       Plate armour      |       |       |   364 |   169 ||   533
Dodge: Dodged            |    44 |   104 |   193 |   110 ||   451

Table legend:
 A = Non-vault XP
 B = Vault XP
 C = Vault XP percentage of total XP
 D = Non-vault monster count
 E = Vault monster count
 F = Vault count percentage of total count
                 A         B        C        D         E       F
            +---------+---------+-------+---------+---------+-------
      Total |    4595 |    2268 |  33.0 |     163 |      18 |   9.9
            +---------+---------+-------+---------+---------+-------
        D:1 |       8 |      10 |  55.6 |       6 |       5 |  45.5
        D:2 |     155 |     267 |  63.3 |      33 |       2 |   5.7
        D:3 |      97 |       0 |   0.0 |      30 |       0 |   0.0
        D:4 |      69 |     517 |  88.2 |       3 |       2 |  40.0
        D:5 |     552 |       1 |   0.2 |      18 |       1 |   5.3
        D:6 |     505 |       0 |   0.0 |      21 |       0 |   0.0
        D:7 |    1040 |    1473 |  58.6 |      27 |       8 |  22.9
        D:8 |     641 |       0 |   0.0 |      13 |       0 |   0.0
        D:9 |     852 |       0 |   0.0 |      10 |       0 |   0.0
    Abyss:1 |     676 |       0 |   0.0 |       2 |       0 |   0.0
            +---------+---------+-------+---------+---------+-------
